 Dungeon Crawl Stone Soup version 0.17-a0-1900-g45e8110 (webtiles) character file.

149 Goblin1989 the Chopper (level 5, 0/38 HPs)
             Began as a Demonspawn Gladiator on Sept 24, 2015.
             Was a Follower of Cheibriados.
             Slain by a phantom (4 damage)
             ... on level 4 of the Dungeon.
             The game lasted 00:10:57 (1978 turns).

Goblin1989 the Chopper (Demonspawn Gladiator)       Turns: 1978, Time: 00:10:57

Health: 0/38       AC: 13    Str: 18    XL:     5   Next: 9%
Magic:  6/6        EV:  8    Int: 11    God:    Cheibriados [*.....]
Gold:   198        SH:  0    Dex: 16    Spells: 0 memorised, 4 levels left

rFire  . . .     SeeInvis .     a - +0 war axe
rCold  . . .     Clarity  .     k - +0 chain mail
rNeg   . . .     SustAt   .     (no shield)
rPois  .         Gourm    .     c - +0 helmet
rElec  .         Spirit   .     q - +0 cloak
rCorr  .         Warding  .     (no gloves)
rMut   .         Stasis   .     s - +0 pair of boots (curse)
MR     .....                    (no amulet)
Stlth  ..........               (no ring)
                                (no ring)

@: lethally poisoned (0 -> -1), very slow, not resistant to hostile
enchantments, extremely unstealthy
A: claws 1, yellow scales 1, powered by death 1
a: Bend Time, Renounce Religion


You were on level 4 of the Dungeon.
You worshipped Cheibriados.
Cheibriados was aware of your devotion.
You were not hungry.

You visited 1 branch of the dungeon, and saw 4 of its levels.

You collected 198 gold pieces.

Inventory:

Hand weapons
 a - a +0 war axe (weapon)
Missiles
 d - 3 throwing nets (quivered)
Armour
 c - a +0 helmet (worn)
 k - a +0 chain mail (worn)
 q - a +0 cloak (worn)
 s - a cursed +0 pair of boots (worn)
Magical devices
 p - a wand of confusion (10)
Scrolls
 b - a scroll of noise {unknown}
 f - 2 scrolls of identify
 h - 3 scrolls of fog {unknown}
 i - a scroll of magic mapping {unknown}
 j - 2 scrolls of teleportation
 l - 3 scrolls of recharging {unknown}
 n - a scroll of blinking {unknown}
 o - 2 scrolls of remove curse {unknown}
Comestibles
 e - 2 bread rations
 g - 2 beef jerkies
 m - 2 fruits
 r - a meat ration
 t - a royal jelly


   Skills:
 - Level 2.0 Fighting
 * Level 5.1 Axes
 - Level 1.7 Throwing
 - Level 2.6 Dodging
 + Level 1.6 Invocations


You had 4 spell levels left.
You didn't know any spells.

Dungeon Overview and Level Annotations

Branches:
Dungeon (4/15)
 Temple: D:4-7

Altars:
Cheibriados
Nemelex Xobeh


Innate Abilities, Weirdness & Mutations

You have sharp fingernails.
You are partially covered in yellow scales (AC +2).
You regenerate a little health from kills.


Message History

The phantom blinks!
You feel sick.
You are too injured to fight recklessly!
You are too injured to fight recklessly!
You are too injured to fight recklessly!
Unknown command.
You are too injured to fight recklessly!
You are too injured to fight recklessly!
You feel sick.
The phantom blinks!
You feel sick.
There is an open door here.
You see here a giant cockroach corpse.
You feel sick.
You closely miss the phantom.
The phantom is severely damaged.
The phantom barely misses you.
You closely miss the phantom.
The phantom is severely damaged.
You feel sick. The phantom hits you.
You die...

#.....#....#.......
#......... #........#
#...... #########.
#........###...### ##
#....###.........# # #..
#.........# #### #
..###.........# #...
#.....W.†....# #...
#.....####W### #... #.....#
#@# #... #.....# #.# .....
#.....####.### ......
#.....##.....# ......
#.....##.....########......
###### #............# .....
#.#.########)# ... #.#.#
#.# #.#.# #.#######


You could see a phantom.

Vanquished Creatures
  A crimson imp (D:4)
  A worker ant (D:4)
  3 adders (D:2)
  An ooze (D:2)
  3 worms
  3 giant geckos
  2 orcs (D:3)
  7 bats
  A giant cockroach (D:4)
  3 hobgoblins (D:1)
  7 jackals
  2 quokkas (D:2)
  2 giant newts
  4 goblins
  7 kobolds
  10 rats
57 creatures vanquished.

Notes
Turn   | Place    | Note
--------------------------------------------------------------
     0 | D:1      | Goblin1989 the Demonspawn Gladiator began the quest for the Orb.
     0 | D:1      | Reached XP level 1. HP: 16/16 MP: 1/1
   112 | D:1      | Reached skill level 3 in Axes
   243 | D:1      | Gained mutation: You are partially covered in yellow scales (AC +2). [demonic ancestry]
   243 | D:1      | Reached XP level 2. HP: 22/22 MP: 2/2
   674 | D:2      | Found a sparkling altar of Nemelex Xobeh.
   752 | D:2      | Reached XP level 3. HP: 18/27 MP: 3/3
   879 | D:2      | Reached skill level 4 in Axes
  1000 | D:2      | Found a snail-covered altar of Cheibriados.
  1012 | D:2      | Became a worshipper of Cheibriados the Contemplative
  1059 | D:2      | Gained mutation: You regenerate a little health from kills. [demonic ancestry]
  1059 | D:2      | Reached XP level 4. HP: 20/33 MP: 4/4
  1870 | D:4      | Reached skill level 1 in Invocations
  1924 | D:4      | Reached skill level 5 in Axes
  1927 | D:4      | Acquired Cheibriados's first power
  1937 | D:4      | Noticed a phantom
  1949 | D:4      | Gained mutation: You have sharp fingernails. [demonic ancestry]
  1949 | D:4      | Reached XP level 5. HP: 11/38 MP: 6/6
  1978 | D:4      | Slain by a phantom

Vault maps used:
D:1:      erik_arrival_triangle_small
D:2:      cheibriados_altar_1, nicolae_overflow_hidden_temple
D:4:      first_bread, serial_shops, kennysheep_mini, nicolae_shop_statue_plus,
          minivault_5, nicolae_ru_awakened_eye

Action                   |  1- 3 |  4- 6 || total
-------------------------+-------+-------++-------
Melee: War axe           |   136 |    62 ||   198
  Use: Potion            |     3 |       ||     3
       Scroll            |       |     2 ||     2
  Eat: Fruit             |       |     2 ||     2
       Chunk             |       |     2 ||     2
